 Dungeon Crawl Stone Soup version 0.27.1-34-g3ba077fa99 (webtiles) character file.

Game seed: 11266015031099416992

5183 mcbry74 the Cruncher (level 10, -8/88 HPs)
             Began as an Ogre Gladiator on Jan 26, 2022.
             Was a Follower of Wu Jian.
             Mangled by a cyclops (16 damage)
             ... on level 7 of the Dungeon.
             The game lasted 00:33:57 (9650 turns).

mcbry74 the Cruncher (Ogre Gladiator)               Turns: 9650, Time: 00:33:58

Health: -8/88      AC:  6    Str: 26    XL:     10   Next: 60%
Magic:  10/10      EV: 10    Int: 18    God:    Wu Jian [*.....]
Gold:   414        SH:  0    Dex: 10    Spells: 9/9 levels left

rFire    . . .     SeeInvis .   a - +0 quarterstaff
rCold    . . .     Faith    .   (shield currently unavailable)
rNeg     . . .     Spirit   .   g - +0 troll leather armour
rPois    .         Reflect  .   c - +0 hat
rElec    .         Harm     .   (no cloak)
rCorr    .         Rampage  .   (gloves unavailable)
Will     +....                  (boots unavailable)
Stlth    +.........             M - amulet of regeneration
HPRegen  2.24/turn              C - +6 ring of strength
MPRegen  0.12/turn              N - +6 ring of intelligence

@: no status effects
A: large, unfitting armour, tough skin 1
a: Renounce Religion


You were on level 7 of the Dungeon.
You worshipped Wu Jian.
Wu Jian was aware of your devotion.
You visited 2 branches of the dungeon, and saw 8 of its levels.

You collected 414 gold pieces.

Inventory:

Hand Weapons
 a - a +0 quarterstaff (weapon)
 t - a +2 glaive of distortion
 O - the +2 mace "Opuadgh" {venom, rC+ Will+ MP-9 Int+3}
   (You took it off an orc on level 7 of the Dungeon)

   It poisons the flesh of those it strikes.
   Int:       It affects your intelligence (+3).
   rC:        It protects you from cold.
   MP:        It affects your magic capacity (-9).
   Will:      It increases your willpower.
Missiles
 d - 3 throwing nets
 f - 150 stones
 i - 59 sling bullets
 l - 25 poisoned darts
 o - 7 javelins
 s - 53 arrows
 F - 8 boomerangs (quivered)
Armour
 b - a +0 robe
 c - a +0 hat (worn)
 g - a +0 troll leather armour (worn)
 w - +0 fire dragon scales
 R - a +2 cloak of poison resistance
Magical Staves
 T - a staff of poison
Jewellery
 C - a +6 ring of strength (left hand)
 M - an amulet of regeneration (around neck)
 N - a +6 ring of intelligence (right hand)
 P - a ring of flight
Wands
 u - a wand of paralysis (9)
 D - a wand of charming (7)
 E - a wand of iceblast (15)
 G - a wand of flame (22)
 K - a wand of acid (7)
Scrolls
 e - 3 scrolls of enchant weapon {unknown}
 h - a scroll of vulnerability {unknown}
 k - 2 scrolls of immolation {unknown}
 r - a scroll of acquirement {unknown}
 v - 3 scrolls of teleportation {unknown}
 y - a scroll of torment {unknown}
 A - 2 scrolls of fear {unknown}
 B - 4 scrolls of blinking {unknown}
 H - a scroll of magic mapping {unknown}
 I - 2 scrolls of summoning {unknown}
 J - a scroll of enchant armour {unknown}
Potions
 j - 2 potions of heal wounds
 m - 2 potions of brilliance
 n - a potion of attraction
 p - a potion of magic {unknown}
 q - 3 potions of curing
 x - 2 potions of haste
 z - a potion of degeneration {unknown}
 L - a potion of mutation {unknown}
Miscellaneous
 Q - a piece from Xom's chessboard (15/15)
 S - a piece from Xom's chessboard (15/15)


   Skills:
 - Level 2.6 Fighting
 * Level 12.9 Staves
 - Level 2.0 Throwing
 + Level 6.8 Armour
 - Level 2.6 Dodging


You had 9 spell levels left.
You didn't know any spells.
Your spell library contained the following spells:

 Spells                   Type           Power      Damage    Failure   Level
 Animate Skeleton         Necr           0%         N/A       24%         1
 Apportation              Tloc           0%         N/A       24%         1
 Corona                   Hex            0%         N/A       24%         1
 Shock                    Conj/Air       0%         1d3       24%         1
 Summon Small Mammal      Summ           0%         N/A       24%         1
 Swiftness                Air            0%         N/A       58%         3
 Airstrike                Air            0%         N/A       94%         4
 Leda's Liquefaction      Hex/Erth       0%         N/A       94%         4
 Alistair's Intoxication  Tmut/Pois      0%         N/A       100%        5
 Borgnjor's Vile Clutch   Necr/Erth      0%         N/A       100%        5
 Fireball                 Conj/Fire      0%         3d3       100%        5
 Death Channel            Necr           0%         N/A       100%        6
 Eringya's Noxious Bog    Tmut/Pois      0%         N/A       100%        6
 Starburst                Conj/Fire      0%         6d3       100%        6
 Borgnjor's Revivificati  Necr           0%         N/A       100%        8
 Ignition                 Fire           0%         3d3       100%        8
 Necromutation            Tmut/Necr      0%         N/A       100%        8
 Death's Door             Necr           0%         N/A       100%        9


Dungeon Overview and Level Annotations

Branches:
Dungeon (7/15)             Temple (1/1) D:6

Altars:
Ashenzari
Cheibriados
Dithmenos
Elyvilon
Fedhas
Gozag
Hepliaklqana
Kikubaaqudgha
Makhleb
Nemelex Xobeh
Okawaru
Qazlal
Ru
Sif Muna
Trog
Uskayaw
Vehumet
Wu Jian
Xom
Yredelemnul
The Shining One


Innate Abilities, Weirdness & Mutations

You are too large for most types of armour.
You have tough skin. (AC +1)


Message History

You start resting.
HP restored.
Items here: )) [[.
Things that are here:
a +0 dagger; a +0 scale mail; a +0 hand axe
Things that are here:
a +0 plate armour; a +0 trident You spin and attack the cyclops repeatedly.
You hit the cyclops but do no damage. You hit the cyclops.
The cyclops is lightly wounded.
The cyclops hits you!!
You hit the cyclops.
The cyclops is lightly wounded.
You hit the cyclops.
The cyclops is lightly wounded.
The cyclops hits you!
You hit the cyclops.
The cyclops is moderately wounded.
You hit the cyclops.
The cyclops is moderately wounded.
The cyclops barely misses you.
You hit the cyclops.
The cyclops is moderately wounded.
You completely miss the cyclops.
The cyclops is moderately wounded.
The cyclops hits you!!
You hit the cyclops but do no damage.
The cyclops is moderately wounded.
You hit the cyclops but do no damage.
The cyclops is moderately wounded.
The cyclops hits you!!
* * * LOW HITPOINT WARNING * * *
You hit the cyclops.
The cyclops is moderately wounded.
You hit the cyclops.
The cyclops is heavily wounded.
You sock the cyclops!
The cyclops is severely wounded.
The cyclops hits you!
You die...

.### #.○...###...###.......#.###
## #....## #.............##...
.######....## #.............#.###
)...........###......>......#....
............................###.#
.......##..................##..#.
......##...##.............##..#.#
..........###....###.....##..####
................@C###....#..#.#.#
......C...........###....#.###...
........................).#.#..#.
.............#....#......#÷###...
B#####......##...####....#..###.#
.# ##.....#....# #....##..####
.######..........# ##....##..#.#
................## #..#..##..#.
......##........### #.###..###B#


You could see a cyclops.

Vanquished Creatures
  A boulder beetle (D:7)
  The ghost of arakdai the Grasshopper, a novice GnWr (D:6)
  A slime creature (D:7)
  Prince Ribbit (D:7)
  A yak (D:7)
  A steam dragon (D:7)
  4 ice beasts
  4 orc warriors
  A sky beast (D:5)
  4 black bears
  An ogre (D:4)
  5 necrophages
  A centaur (D:7)
  3 phantoms
  A kobold brigand (D:6)
  3 bullfrogs
  A wyvern skeleton (D:7)
  2 wights (D:7)
  2 howler monkeys
  A bullfrog zombie (D:5)
  A hound (D:7)
  2 jellies
  A centaur skeleton (D:7)
  A gnoll shaman (D:7)
  6 iguanas
  Ijyb (D:5)
  3 bullfrog skeletons
  Natasha (thrice) (D:2)
  6 orc wizards
  A killer bee zombie (D:7)
  2 hound skeletons
  A howler monkey zombie (D:7)
  8 adders
  A shadow imp (D:5)
  2 white imps (D:7)
  2 ufetubi (D:5)
  An adder skeleton (D:4)
  2 dart slugs
  15 orcs
  9 endoplasms
  4 giant cockroaches
  9 goblins
  4 hobgoblins
  2 jackals (D:5)
  7 kobolds
  4 quokkas
  4 ball pythons
  3 bats
  8 frilled lizards
  27 rats
179 creatures vanquished.

Vanquished Creatures (others)
  An iguana (D:7)
1 creature vanquished.

Grand Total: 180 creatures vanquished

Notes
Turn   | Place    | Note
-------+----------+-------------------------------------------
     0 | D:1      | mcbry74 the Ogre Gladiator began the quest for the Orb.
     0 | D:1      | Reached XP level 1. HP: 22/22 MP: 1/1
   343 | D:1      | Reached XP level 2. HP: 27/29 MP: 2/2
   545 | D:1      | Found a faded altar of an unknown god.
   665 | D:1      | Reached skill level 4 in Staves
  1027 | D:2      | Reached XP level 3. HP: 35/36 MP: 3/3
  1042 | D:2      | Noticed Natasha
  1048 | D:2      | Killed Natasha
  1201 | D:2      | Noticed Natasha
  1207 | D:2      | Killed Natasha
  1208 | D:2      | Reached skill level 5 in Staves
  1208 | D:2      | Reached XP level 4. HP: 42/44 MP: 4/4
  1740 | D:2      | Noticed Natasha
  1743 | D:2      | Killed Natasha
  1744 | D:2      | Reached XP level 5. HP: 41/50 MP: 5/5
  2934 | D:4      | Noticed a necrophage
  2939 | D:4      | Reached skill level 6 in Staves
  2945 | D:4      | Killed a necrophage
  2946 | D:4      | Reached XP level 6. HP: 56/59 MP: 6/6
  3020 | D:4      | Reached skill level 7 in Staves
  3187 | D:4      | Noticed a black bear
  3211 | D:4      | Killed a black bear
  3212 | D:4      | Reached skill level 1 in Armour
  3212 | D:4      | Reached XP level 7. HP: 54/66 MP: 7/7
  3670 | D:5      | Entered Level 5 of the Dungeon
  3672 | D:5      | Identified the +2 pair of gloves of the Will of the Gods
                  | {+Blink rF- rC++ Str+4}
  3860 | D:5      | Reached skill level 8 in Staves
  4061 | D:5      | HP: 3/66 [sky beast (6)]
  4322 | D:5      | Reached XP level 8. HP: 66/74 MP: 8/8
  4405 | D:5      | Noticed Ijyb
  4431 | D:5      | Killed Ijyb
  4898 | D:5      | Reached skill level 9 in Staves
  5582 | D:6      | Found a runed translucent door.
  5587 | D:6      | Noticed arakdai's ghost (novice GnWr)
  5645 | D:6      | Killed arakdai's ghost
  5646 | D:6      | Reached skill level 10 in Staves
  5646 | D:6      | Reached XP level 9. HP: 48/80 MP: 9/9
  6632 | D:6      | Found a staircase to the Ecumenical Temple.
  6641 | Temple   | Entered the Ecumenical Temple
  7037 | Temple   | Became a worshipper of the Wu Jian Council
  7481 | D:6      | Reached skill level 11 in Staves
  7481 | D:6      | Reached skill level 5 in Armour
  7755 | D:7      | Identified the +2 mace "Opuadgh" {venom, rC+ Will+ MP-9
                  | Int+3}
  8640 | D:7      | Noticed Prince Ribbit
  8697 | D:7      | Reached * piety under Wu Jian
  8698 | D:7      | Reached XP level 10. HP: 15/88 MP: 10/10
  8736 | D:7      | Noticed a seven-headed hydra
  9063 | D:7      | Killed Prince Ribbit
  9064 | D:7      | Reached skill level 12 in Staves
  9400 | D:7      | Noticed a boulder beetle
  9430 | D:7      | Got the Incunabulum of Evil Stones
  9480 | D:7      | Noticed a cyclops
  9558 | D:7      | Killed a boulder beetle
  9647 | D:7      | HP: 4/88 [cyclops (29)]
  9650 | D:7      | Mangled by a cyclops

Illustrated notes

Levels and vault maps discovered:
D:1:      eino_arrival_druids_welcome, layout_basic,
          shapermc_ecumenical_altar_starsandcircs
D:2:      layout_basic, minmay_rat_hole, uniq_natasha
D:3:      layout_basic, minmay_cupped
D:4:      layout_cave_pools
D:5:      layout_cave_pools, uniq_ijyb
D:6:      layout_loops_ring, temple_hall, ebering_ghost_sewer_d
D:7:      minmay_the_grid_octo_tiled_squarecenter
          [minmay_the_grid_octo_fat_diamond,
          minmay_the_grid_octo_vomiting_pacman, minmay_the_grid_octo_chip,
          minmay_the_grid_octo_clover,
          minmay_the_grid_square_5x5_megaprize_crossed,
          minmay_the_grid_square_5x5_v, minmay_the_grid_square_5x5_bite,
          minmay_the_grid_square_5x5_sharp_hourglass,
          minmay_the_grid_square_5x5_hourglass], layout_layer_cave,
          uniq_prince_ribbit1
Temple:   roderic_octagonal_lattice_temple

Skill      XL: |  1  2  3  4  5  6  7  8  9 10 |
---------------+-------------------------------+-----
Staves         | 4 5 6 7 8 10 11 12 | 12.9
Armour         | 1 2 4 5 6 |  6.8
Fighting       | |  2.6
Throwing       | |  2.0
Dodging        | |  2.6

Action                   |  1- 3 |  4- 6 |  7- 9 | 10-12 || total
-------------------------+-------+-------+-------+-------++-------
Melee: Quarterstaff      |    67 |   171 |   520 |   149 ||   907
Throw: Dart              |     4 |    16 |    39 |       ||    59
       Boomerang         |       |       |     5 |    32 ||    37
Invok: Lunge             |       |       |     4 |     4 ||     8
       Whirlwind         |       |       |       |     1 ||     1
Evoke: Wand              |       |       |     1 |       ||     1
  Use: Potion            |       |       |     1 |     1 ||     2
       Scroll            |       |       |       |     4 ||     4
 Stab: Sleeping          |     1 |     1 |       |       ||     2
       Paralysed         |       |       |     3 |       ||     3
Armor: Robe              |    13 |    43 |       |       ||    56
       Fire dragon scale |       |     6 |   238 |    27 ||   271
       Troll leather arm |       |       |       |     3 ||     3
Dodge: Dodged            |    27 |    77 |   175 |    29 ||   308
